 Dungeon Crawl Stone Soup version 0.27-a0-684-g359e429f13 (webtiles) character file.

Game seed: 10429946711030701336

649 PentaManta the Shield-Bearer (level 7, -7/72 HPs)
             Began as an Octopode Fighter on Mar 20, 2021.
             Was a Follower of Uskayaw.
             Mangled by an orc warrior
             ... wielding a +0 trident
              (16 damage)
             ... on level 5 of the Dungeon.
             The game lasted 00:09:03 (4237 turns).

PentaManta the Shield-Bearer (Octopode Fighter)     Turns: 4237, Time: 00:09:03

Health: -7/72      AC:  8    Str: 17    XL:     7   Next: 53%
Magic:  7/7        EV: 12    Int: 10    God:    Uskayaw [*.....]
Gold:   190        SH: 11    Dex: 12    Spells: 6/6 levels left

rFire    . . .     SeeInvis .     - Unarmed
rCold    . . .     Faith    .   c - +1 kite shield {AC+3}
rNeg     + . .     Spirit   .   (helmet restricted)
rPois    +         Reflect  .   (no amulet)
rElec    .         Harm     .   q - +4 ring of protection
rCorr    .         Rampage  .   o - ring of positive energy
Will     .....                  t - ring of poison resistance
Stlth    ..........             (no ring)
HPRegen  0.22/turn              (no ring)
MPRegen  0.10/turn              (no ring)
                                (no ring)
                                (no ring)

@: berserking (expiring), very quick
A: almost no armour, amphibious, 8 rings, camouflage 1, gelatinous body 1,
nimble swimmer 1, tentacles
a: Renounce Religion, Stomp


You were on level 5 of the Dungeon.
You worshipped Uskayaw.
Uskayaw was noncommittal.
You visited 2 branches of the dungeon, and saw 6 of its levels.

You collected 190 gold pieces.

Inventory:

Hand Weapons
 g - a +2 dagger of draining
 j - a +0 antimagic short sword
 v - a +0 shortbow
Missiles
 f - 59 stones
 s - 6 boomerangs
 u - 20 poisoned darts (quivered)
 w - 29 arrows
Armour
 c - a +1 kite shield of protection (worn)
Jewellery
 o - a ring of positive energy (right tentacle)
 q - a +4 ring of protection (left tentacle)
 t - a ring of poison resistance (on tentacle)
Wands
 n - a wand of random effects (15)
Scrolls
 a - a scroll of fog {unknown}
 e - 4 scrolls of teleportation {unknown}
 i - a scroll of identify {unknown}
 m - a scroll of enchant armour {unknown}
 p - a scroll of holy word {unknown}
 r - a scroll of magic mapping {unknown}
 x - a scroll of torment {unknown}
 y - a scroll of amnesia {unknown}
Potions
 b - a potion of might
 d - a potion of mutation {unknown}
 h - a potion of lignification {unknown}
 k - a potion of berserk rage
 l - a potion of flight {unknown}


   Skills:
 + Level 4.1 Fighting
 - Level 3.0 Dodging
 * Level 6.7 Shields
 + Level 4.6 Unarmed Combat


You had 6 spell levels left.
You didn't know any spells.
Your spell library was empty.

Dungeon Overview and Level Annotations

Branches:
Dungeon (5/15)             Temple (1/1) D:4

Altars:
Ashenzari
Cheibriados
Dithmenos
Fedhas
Gozag
Hepliaklqana
Nemelex Xobeh
Okawaru
Qazlal
Sif Muna
Trog
Uskayaw
Vehumet
Wu Jian
Xom
The Shining One

Annotations:
D:3 Grinder, Terence
D:5 exclusion: ice beast, Dowan, Duvessa


Innate Abilities, Weirdness & Mutations

You cannot wear most types of armour.
You are amphibious.
You can wear up to eight rings at the same time.
Your skin changes colour to match your surroundings (Stealth+).
Your rubbery body absorbs attacks. (AC +1, EV +1)
You are stealthy while swimming. (Stealth+)
You have tentacles for arms and can constrict up to eight enemies at once.


Message History

You bump into the rock wall.
The orc warrior throws a boomerang.
The boomerang barely misses you.
You hear some strange, mumbled words.
Something tries to affect you, but you resist.
You bump into the rock wall.
An orc wizard appears from thin air!
Reactivating autopickup.
The orc wizard casts a spell at you. The puff of flame hits you.
* * * LOW HITPOINT WARNING * * *
It was a potion of berserk rage.
A red film seems to cover your vision as you go berserk!
You feel yourself moving faster!
You feel mighty!
You bump into the rock wall.
You feel a strong urge to attack something.
You bump into the rock wall.
You feel less confused. The orc wizard barely misses you.
You tentacle-slap the orc wizard. Your grab misses the orc wizard.
Your squeeze misses the orc wizard.
The orc wizard is almost dead.
The orc wizard casts a spell at you. The puff of flame hits you.
* * * LOW HITPOINT WARNING * * *
You closely miss the orc wizard. You grab the orc wizard.
The orc wizard is almost dead.
You constrict the orc wizard.
You kill the orc wizard!
You block the orc warrior's attack.
Things that are here:
a +0 dagger; a +0 robe; an orc corpse You tentacle-slap the orc warrior.
You grab the orc warrior. Your squeeze misses the orc warrior.
The orc warrior is lightly wounded.
You constrict the orc warrior, but do no damage.
You block the orc warrior's attack.
You tentacle-slap the orc warrior. You squeeze the orc warrior!
The orc warrior is severely wounded.
You constrict the orc warrior.
The orc warrior hits you with a +0 trident!
You die...

###### #.#
##############.#
#..............#
#.###########..#
######.#.........#..#
.........#######.#..######
..^.......# #.#....)..#
######.##.# #.##.####.#
#.##.# #@##.# #.########
######.##.# #o##.#
#......... .......##.#
#{##.# ##########
#########.# #h##.# #
####.######.##.# #
#...........##.# #
#.##.######.# .# # #.##.#
#.# .# ### .# #.##.# #.#
.# ...#


You could see an orc warrior and a jackal.

Vanquished Creatures
  An ogre (D:5)
  A centaur (D:5)
  A kobold brigand (D:5)
  A hound (D:4)
  2 iguanas (D:4)
  An orc wizard (D:5)
  Natasha (thrice) (D:2)
  3 worker ants (D:4)
  A worker ant zombie (D:5)
  7 adders
  An ooze (D:1)
  2 adder skeletons
  3 worms
  8 leopard geckos
  2 orcs (D:5)
  6 giant cockroaches
  6 goblins
  4 hobgoblins
  7 jackals (D:5)
  12 kobolds
  4 quokkas
  7 bats
  4 frilled lizards
  A quokka zombie (D:5)
  4 rats
92 creatures vanquished.

Vanquished Creatures (others)
  A centaur skeleton (D:5)
  A gnoll (D:5)
  An adder (D:5)
  3 orcs (D:5)
  2 quokkas (D:5)
  5 plants (D:1)
13 creatures vanquished.

Grand Total: 105 creatures vanquished

Notes
Turn   | Place    | Note
-------+----------+-------------------------------------------
     0 | D:1      | PentaManta the Octopode Fighter began the quest for the
                  | Orb.
     0 | D:1      | Reached XP level 1. HP: 16/16 MP: 1/1
    40 | D:1      | Reached XP level 2. HP: 15/21 MP: 2/2
   463 | D:1      | Reached XP level 3. HP: 14/25 MP: 3/3
   840 | D:2      | Reached skill level 4 in Shields
  1025 | D:2      | HP: 1/26 [goblin/+0 dagger (5)]
  1035 | D:2      | Reached XP level 4. HP: 18/31 MP: 4/4
  1478 | D:2      | Noticed Natasha
  1488 | D:2      | Killed Natasha
  1547 | D:2      | Noticed Natasha
  1553 | D:2      | Killed Natasha
  1554 | D:2      | Reached XP level 5. HP: 30/36 MP: 5/5
  1581 | D:2      | Noticed Natasha
  1586 | D:2      | Killed Natasha
  1587 | D:2      | Reached skill level 5 in Shields
  1909 | D:3      | Found an iron altar of Okawaru.
  1952 | D:3      | Noticed Terence
  2245 | D:4      | Found a staircase to the Ecumenical Temple.
  2256 | Temple   | Entered the Ecumenical Temple
  2346 | Temple   | Became a worshipper of Uskayaw the Reveller
  2426 | D:4      | Reached * piety under Uskayaw
  2429 | D:4      | Reached ** piety under Uskayaw
  2579 | D:4      | Reached XP level 6. HP: 38/42 MP: 6/6
  2717 | D:4      | Reached *** piety under Uskayaw
  2948 | D:4      | Found a glowing golden altar of the Shining One.
  3141 | D:4      | Reached skill level 6 in Shields
  3324 | D:3      | Noticed Grinder
  3352 | D:5      | Entered Level 5 of the Dungeon
  3413 | D:5      | Reached XP level 7. HP: 43/47 MP: 7/7
  3656 | D:5      | Found a shimmering altar of Xom.
  4037 | D:5      | Noticed Dowan
  4038 | D:5      | Noticed Duvessa
  4237 | D:5      | Mangled by an orc warrior

Illustrated notes

Levels and vault maps discovered:
D:1:      minmay_arrival_glassed_features, layout_rooms, lexackson_kobold_supper
D:2:      layout_rooms, minmay_heptomino_d4, uniq_natasha
D:3:      layout_basic, okawaru_metal_pillars_1_2, uniq_terence, uniq_grinder
D:4:      wander_river, layout_basic, nicolae_tso_swordbearing_angel,
          minmay_temple_entry_waves, serial_curves, eino_curves_04,
          eino_curves_02
D:5:      layout_loops_ring, lemuel_zombie_altar_kikubaaqudgha,
          xom_confusion_cloud, uniq_duvessa
Temple:   regret_index_temple_waves

Skill      XL: |  1  2  3  4  5  6  7 |
---------------+----------------------+-----
Shields        | 4 5 6 |  6.7
Unarmed Combat | 3 4 |  4.6
Fighting       | 4 |  4.1
Dodging        | |  3.0

Action                   |  1- 3 |  4- 6 |  7- 9 || total
-------------------------+-------+-------+-------++-------
Melee: Unarmed           |    83 |   102 |    57 ||   242
       Constrict         |    19 |    24 |    15 ||    58
       Tentacles         |    15 |    27 |    14 ||    56
       Punch             |     2 |     2 |     2 ||     6
       Dagger            |       |     7 |       ||     7
Throw: Stone             |       |     6 |       ||     6
       Boomerang         |       |     2 |       ||     2
       Dart              |       |       |     2 ||     2
  Use: Potion            |     2 |       |     1 ||     3
 Stab: Sleeping          |     5 |     2 |       ||     7
       Paralysed         |       |     1 |       ||     1
Armor: Skin              |    17 |    23 |     2 ||    42
Dodge: Dodged            |    39 |    35 |    28 ||   102
Block: Kite shield       |    50 |    62 |    26 ||   138

Table legend: (Time is in decaauts)
 A = Elapsed time spent in this place.
 B = Non-inter-level travel time spent in this place.
 C = Inter-level travel time spent in this place.
 D = Time resting spent in this place.
 E = Time spent auto-exploring this place.
 F = Levels seen in this place.
 G = Mean time per level.
                   A        B        C        D        E       F      G
               +--------+--------+--------+--------+--------+-----+--------+
         Total |   4273 |   4135 |    138 |    739 |   2569 |   6 |  712.2 |
       Dungeon |   4156 |   4046 |    110 |    739 |   2483 |   5 |  831.2 |
        Temple |    116 |     88 |     28 |      0 |     86 |   1 |  116.0 |
               +--------+--------+--------+--------+--------+-----+--------+

Top non-repeatable levels by time:
     D:4: 1270 daAuts
     D:2: 977 daAuts
     D:5: 886 daAuts
     D:1: 875 daAuts
     D:3: 146 daAuts
  Temple: 116 daAuts
